 Dungeon Sprint DCSS version bcrawl-1.31 (webtiles) character file.

Game seed: 8224220341375848154

457007 Groucho the Protected (level 6, -13/56 HPs)
             Began as a Barachi Fighter on Apr 9, 2021.
             Was an Initiate of Cheibriados.
             Splashed by an acid dragon's acid (15 damage)
             ... in the Dungeon (Sprint IX: "|||||||||||||||||||||||||||||").
             The game lasted 00:02:52 (418 turns).

Groucho the Protected (Barachi Fighter)              Turns: 418, Time: 00:02:53

Health: -13/56     AC:  9    Str: 18    XL:     6   Next: 18%
Magic:  6/6        EV:  6    Int: 10    God:    Cheibriados [......]
Gold:   0          SH: 14    Dex: 17    Spells: 5/5 levels left

rFire    . . .     SeeInvis .   r - +2 scimitar (holy)
rCold    . . .     Gourm    .   c - +0 medium shield
rNeg     . . .     Faith    .   p - +1 scale mail
rPois    .         Spirit   .   n - +0 helmet
rElec    .         Reflect  .   (no cloak)
rCorr    .         Harm     .   (no gloves)
MR       .....     NoTele   +   o - +0 pair of boots
Stlth    ..........             (no amulet)
HPRegen  0.18/turn              b - +3 ring of dexterity
MPRegen  0.10/turn              q - +2 ring of protection

@: corroded, very slightly contaminated, invisible, very slow
A: +LOS, swims, slowness 1, strong legs 1
a: Hop, Bend Time, Renounce Religion


You were in the Dungeon.
You worshipped Cheibriados.
Cheibriados was noncommittal.
You were not hungry.

You visited 1 branch

Inventory:

Hand Weapons
 r - a +2 scimitar of holy wrath (weapon)
Armour
 c - a +0 medium shield (worn)
 n - a +0 helmet (worn)
 o - a +0 pair of boots (worn)
 p - a +1 scale mail (worn)
Jewellery
 b - a +3 ring of dexterity (left hand)
 q - a +2 ring of protection (right hand)
Wands
 m - a wand of acid (10)
Scrolls
 j - 3 scrolls of remove curse
 k - 2 scrolls of blinking
 l - 2 scrolls of amnesia
Potions
 d - a potion of might
 h - 4 potions of curing
 i - 4 potions of magic
Comestibles
 e - a ration {!d}


   Skills:
 + Level 8.2 Fighting
 + Level 7.8 Long Blades
 + Level 8.2 Armour
 + Level 7.5 Shields
 + Level 0.0 Invocations


You had 5 spell levels left.
You didn't know any spells.
Your spell library was empty.

Dungeon Overview and Level Annotations

Branches:
Dungeon (1/1)

Altars:
Cheibriados
Dithmenos
Elyvilon
Fedhas
Gozag
Hepliaklqana
Kikubaaqudgha
Lugonu
Makhleb
Nemelex Xobeh
Okawaru
Qazlal
Ru
Sif Muna
Trog
Uskayaw
Vehumet
Wu Jian
Xom
Yredelemnul
Zin
The Shining One
Beogh
Jiyva


Innate Abilities, Weirdness & Mutations

You can see and be seen from farther away.
You can swim through water.
You cover ground slowly.
You can hop short distances.


Message History

Increase (S)trength, (I)ntelligence, or (D)exterity?
You feel agile.
No path to travel!
No path to travel!
You are too injured to fight recklessly!
You are too injured to fight recklessly!
You barely miss the acid dragon. You block the acid dragon's attack. x2
You barely miss the acid dragon.
You are no longer corroded.
The acid dragon spits acid at you. The splash of acid hits you.
The acid corrodes you!
You are splashed with acid!
* * * LOW HITPOINT WARNING * * *
You catch the helpless acid dragon completely off-guard!
You hit the acid dragon.
The acid dragon is lightly wounded.
The acid dragon spits acid at you. The splash of acid hits you!
* * * LOW HITPOINT WARNING * * *
You are splashed with acid!
You die... ▓▓▓▓▓▓▓▓▓▓▓▓▓▓▓▓▓▓▓▓▓▓▓▓▓ +...oTOD@.[..)|..'_______ ▓▓▓▓▓▓▓▓▓▓▓▓▓▓▓▓▓▓▓▓▓▓▓▓▓

You could see a two-headed ogre, a troll, an acid dragon and an orc wizard.

Vanquished Creatures
  A phantom (D)
  A howler monkey (D)
  A jelly (D)
  An adder (D)
  An orc (D)
  A ball python (D)
  A giant cockroach (D)
  2 hobgoblins (D)
  A jackal skeleton (D)
  A rat (D)
11 creatures vanquished.

Vanquished Creatures (others)
  A slime creature (D)
1 creature vanquished.

Grand Total: 12 creatures vanquished

Notes
Turn   | Place    | Note
-------+----------+-------------------------------------------
     0 | D        | Groucho the Barachi Fighter began the quest for the Orb.
     0 | D        | Reached XP level 1. HP: 18/18 MP: 1/1
    43 | D        | Noticed a howler monkey
    43 | D        | Noticed a phantom
    53 | D        | Reached XP level 2. HP: 26/26 MP: 2/2
    55 | D        | Killed a howler monkey
    56 | D        | Reached skill level 5 in Fighting
    56 | D        | Reached skill level 5 in Armour
    56 | D        | Reached skill level 5 in Shields
    56 | D        | Reached XP level 3. HP: 33/33 MP: 3/3
    97 | D        | Killed a phantom
    98 | D        | Reached XP level 4. HP: 43/43 MP: 4/4
    98 | D        | Reached XP level 5. HP: 48/48 MP: 5/5
   103 | D        | Found a roughly hewn altar of Beogh.
   103 | D        | Found a snail-covered altar of Cheibriados.
   103 | D        | Found a shadowy altar of Dithmenos.
   103 | D        | Found a white marble altar of Elyvilon.
   103 | D        | Found a blossoming altar of Fedhas.
   103 | D        | Found an opulent altar of Gozag.
   103 | D        | Found a hazy altar of Hepliaklqana.
   104 | D        | Found a viscous altar of Jiyva.
   321 | D        | Found an ancient bone altar of Kikubaaqudgha.
   322 | D        | Found a corrupted altar of Lugonu.
   323 | D        | Became a worshipper of Cheibriados the Contemplative
   324 | D        | Found a burning altar of Makhleb.
   325 | D        | Found a sparkling altar of Nemelex Xobeh.
   326 | D        | Found an iron altar of Okawaru.
   327 | D        | Found a stormy altar of Qazlal.
   328 | D        | Found a sacrificial altar of Ru.
   329 | D        | Found a shimmering blue altar of Sif Muna.
   330 | D        | Found a bloodstained altar of Trog.
   331 | D        | Found a hide-covered altar of Uskayaw.
   332 | D        | Found a radiant altar of Vehumet.
   333 | D        | Found an ornate altar of the Wu Jian Council.
   334 | D        | Found a shimmering altar of Xom.
   335 | D        | Found a basalt altar of Yredelemnul.
   336 | D        | Found a glowing silver altar of Zin.
   337 | D        | Found a glowing golden altar of the Shining One.
   401 | D        | Noticed a troll
   401 | D        | Noticed a two-headed ogre
   401 | D        | Noticed an acid dragon
   401 | D        | Noticed a slime creature
   414 | D        | Killed a slime creature
   415 | D        | Reached XP level 6. HP: 27/56 MP: 6/6
   418 | D        | HP: 2/56 [acid dragon/splash of acid (10)]
   418 | D        | Splashed by an acid dragon's acid

Skill      XL: |  1  2  3  4  5 |
---------------+----------------+-----
Fighting       | 4 5 7 8 |  8.2
Long Blades    | 3 4 6 7 |  7.8
Armour         | 4 5 7 8 |  8.2
Shields        | 4 5 6 7 |  7.5

Action                   |  1- 3 |  4- 6 || total
-------------------------+-------+-------++-------
Melee: Long sword        |    44 |       ||    44
       Scimitar          |       |    13 ||    13
  Use: Potion            |     4 |     3 ||     7
 Stab: Invisible         |       |     2 ||     2
Armor: Scale mail        |    11 |     2 ||    13
Dodge: Dodged            |     5 |     1 ||     6
Block: Medium shield     |    16 |     5 ||    21
